 Dungeon Crawl Stone Soup version 0.29.0-4-gdea44cf6ec (webtiles) character file.

Game seed: 17719653915511612680

570 qw the Shield-Bearer (level 7, -1/64 HPs)
             Began as a Gargoyle Berserker on Sept 7, 2022.
             Was a Believer of Trog.
             Slain by a gnoll
             ... wielding a +0 halberd
             ... led by a gnoll bouda
              (5 damage)
             ... on level 5 of the Dungeon.
             The game lasted 00:01:40 (5971 turns).

qw the Shield-Bearer (Gargoyle Berserker)           Turns: 5971, Time: 00:01:40

Health: -1/64      AC: 13    Str: 23    XL:     7   Next: 34%
Magic:  7/7        EV:  6    Int:  7    God:    Trog [**....]
Gold:   239        SH:  8    Dex:  9    Spells: 6/6 levels left

rFire   . . .      SeeInvis .   Y - +1 hand axe
rCold   . . .      Faith    .   g - +0 kite shield
rNeg    + . .      Spirit   .   c - +0 chain mail
rPois   inf        Reflect  .   (no helmet)
rElec   +          Harm     .   (no cloak)
rCorr   .          Rampage  .   (no gloves)
Will    .....                   (no boots)
Stlth   ..........              (no amulet)
HPRegen 0.20/turn               (no ring)
MPRegen 0.10/turn               (no ring)

@: berserking, about to teleport, very quick
A: sickness immunity, AC +4, negative energy resistance 1, electricity
resistance, torment resistance 1, petrification resistance
a: Renounce Religion, Berserk, Trog's Hand


You were on level 5 of the Dungeon.
You worshipped Trog.
Trog was pleased with you.
You visited 1 branch of the dungeon, and saw 5 of its levels.

You collected 239 gold pieces.


Innate Abilities, Weirdness & Mutations

You are immune to sickness and miasma.
Your stone body is resilient. (AC +4)
You are immune to poison.
You resist negative energy. (rN+)
You are resistant to electric shocks. (rElec)
You are resistant to unholy torment.
You are immune to petrification.


   Skills:
 - Level 4.0 Fighting
 + Level 5.3 Axes
 - Level 1.0 Throwing
 - Level 2.1 Armour
 - Level 1.5 Dodging
 - Level 5.3 Shields


You had 6 spell levels left.
You didn't know any spells.
Your spell library was empty.

Inventory:

Hand Weapons
 d - a +0 morningstar
 Y - a +1 hand axe (weapon)
Missiles
 k - 3 javelins (quivered)
Armour
 c - a +0 chain mail (worn)
 g - a +0 kite shield (worn)
Scrolls
 f - 4 scrolls of identify
 n - 3 scrolls of teleportation
Potions
 a - a potion of might
 h - a potion of haste {unknown}
 i - a potion of lignification {unknown}
 j - a potion of heal wounds {unknown}
 m - a potion of invisibility {unknown}

Dungeon Overview and Level Annotations

Branches:
Dungeon (5/15)             Temple (0/1) D:4

Altars:
Kikubaaqudgha
Sif Muna
Vehumet


Message History

There is an open door here.
5960 ||| Stepping ~*~*~tactically~*~*~ (hiding).
You start waiting.
A gnoll is nearby! 2 gnolls come into view.
The gnoll shouts! x2
A gnoll comes into view. It is wielding a +0 club.
You block the gnoll's attack.
There is an open door here.
The gnoll shouts!
The gnoll hits you but does no damage.
A gnoll bouda comes into view. It is wielding a +0 whip.
You barely miss the gnoll.
The gnoll bouda shouts!
The gnoll hits you with a +0 halberd.
You closely miss the gnoll. The gnoll hits you with a +0 halberd!
A gnoll comes into view. It is wielding a +0 spear.
You barely miss the gnoll.
The gnoll shouts!
You hit the gnoll. The gnoll hits you with a +0 halberd!
The gnoll barely misses you.
The gnoll bouda barks out a call to the hunt!
The gnolls pick up the pace!
The gnoll hits you from afar with a +0 halberd.
You closely miss the gnoll.
The gnoll is heavily wounded.
You hit the gnoll. You block the gnoll's attack.
The gnoll hits you but does no damage. x2
The gnoll hits you from afar with a +0 halberd!
The gnoll hits you with a +0 whip. The gnoll hits you with a +0 halberd!
5970 ||| READING 4 scrolls of teleportation.
As you read the scroll of teleportation, it crumbles to dust.
You feel strangely unstable. You block the gnoll's attack.
The gnoll hits you but does no damage.
5971 ||| INVOKING Berserk.
A red film seems to cover your vision as you go berserk!
You feel yourself moving faster!
You feel mighty! You block the gnoll's attack.
The gnoll hits you with a +0 halberd.
You die... ###### #..... #.#... #.#.#. #.#.<. #.#### ###########....# ####.........####.# #g@'.........'/.... #gg##.........####.. .ggg#

#.........# ### ....##
#.........# ...
#.........#
##'######.........######
.........#............
.#######.#.......)....
######.#............


You could see a gnoll bouda and 5 gnolls.

Vanquished Creatures
  An ice beast (D:5)
  An ogre (D:5)
  An orc priest (D:5)
  An iguana (D:5)
  Ijyb (D:5)
  Terence (D:2)
  5 orc wizards
  7 adders
  A white imp (D:5)
  5 worms
  3 dart slugs
  8 orcs
  6 bats
  8 endoplasms
  A giant cockroach (D:2)
  2 goblins (D:3)
  5 hobgoblins
  2 jackals (D:2)
  7 quokkas
  4 ball pythons
  3 frilled lizards
  3 kobolds
  2 rats
78 creatures vanquished.

Vanquished Creatures (others)
  2 fungi (D:2)
  A plant (D:2)
3 creatures vanquished.

Grand Total: 81 creatures vanquished

Notes
Turn   | Place    | Note
-------+----------+-------------------------------------------
     0 | D:1      | qw the Gargoyle Berserker began the quest for the Orb.
     0 | D:1      | Reached XP level 1. HP: 14/14 MP: 1/1
     0 | D:1      | 0 ||| qw: Version: 0.1-a-108-g9e35731
     0 | D:1      | 0 ||| qw: Game counter: 6445
     0 | D:1      | 0 ||| qw: Always use a shield: true
     0 | D:1      | 0 ||| qw: Do Orc after D:15 true
     0 | D:1      | 0 ||| qw: Do second Lair branch before Depths: true
     0 | D:1      | 0 ||| qw: Lair rune preference: random
     0 | D:1      | 0 ||| qw: Plans: Normal
     0 | D:1      | 0 ||| PLANNING D:1-11
   129 | D:1      | Reached skill level 3 in Axes
   210 | D:1      | Reached XP level 2. HP: 18/19 MP: 2/2
  1262 | D:1      | 1262 ||| UPGRADING to +0 kite shield.
  1267 | D:1      | 1267 ||| UPGRADING to +0 leather armour.
  1277 | D:1      | 1277 ||| DROPPING +0 animal skin.
  1278 | D:1      | 1278 ||| UPGRADING to +0 robe of fire resistance.
  1288 | D:1      | 1288 ||| READING scroll labelled IDUUGG ZOEN.
  1289 | D:1      | 1289 ||| READING 3 scrolls labelled YVOCHY TIMMY.
  1290 | D:1      | 1290 ||| READING scroll labelled ULANOMAQERPH.
  1291 | D:1      | 1291 ||| READING scroll labelled CORESHR VEMUC.
  1295 | D:1      | 1295 ||| READING scroll labelled SYJ JAUMIPP.
  1296 | D:1      | 1296 ||| DRINKING 2 pink potions.
  1297 | D:1      | 1297 ||| DROPPING 2 scrolls of vulnerability.
  1298 | D:1      | 1298 ||| DROPPING potion of degeneration.
  1343 | D:2      | 1343 ||| Stepping ~*~*~tactically~*~*~ (stealth).
  1573 | D:2      | 1573 ||| Stepping ~*~*~tactically~*~*~ (stealth).
  1579 | D:2      | 1579 ||| INVOKING Berserk.
  1583 | D:2      | Reached skill level 1 in Shields
  1583 | D:2      | Reached XP level 3. HP: 23/23 MP: 3/3
  1841 | D:2      | 1841 ||| Stepping ~*~*~tactically~*~*~ (stealth).
  1842 | D:2      | 1842 ||| Stepping ~*~*~tactically~*~*~ (stealth).
  1844 | D:2      | 1844 ||| Stepping ~*~*~tactically~*~*~ (stealth).
  1848 | D:2      | 1848 ||| Stepping ~*~*~tactically~*~*~ (stealth).
  1853 | D:2      | 1853 ||| Stepping ~*~*~tactically~*~*~ (stealth).
  1854 | D:2      | 1854 ||| Stepping ~*~*~tactically~*~*~ (stealth).
  1855 | D:2      | 1855 ||| Stepping ~*~*~tactically~*~*~ (stealth).
  1856 | D:2      | 1856 ||| Stepping ~*~*~tactically~*~*~ (stealth).
  2182 | D:2      | Reached XP level 4. HP: 26/28 MP: 4/4
  2220 | D:2      | Found a faded altar of an unknown god.
  2316 | D:2      | Noticed Terence
  2320 | D:2      | 2320 ||| INVOKING Berserk.
  2324 | D:2      | Killed Terence
  2325 | D:2      | Reached skill level 3 in Shields
  2539 | D:2      | 2539 ||| Stepping ~*~*~tactically~*~*~ (stealth).
  2554 | D:2      | Reached skill level 1 in Throwing
  2714 | D:2      | 2714 ||| UPGRADING to +0 chain mail.
  2724 | D:2      | 2724 ||| DROPPING +0 leather armour.
  2725 | D:2      | 2725 ||| DROPPING +0 robe of fire resistance.
  2726 | D:2      | 2726 ||| READING scroll labelled XESUNUTUNI.
  2727 | D:2      | 2727 ||| DRINKING 2 puce potions.
  2794 | D:3      | 2794 ||| STAIRDANCE
  2852 | D:3      | Reached ** piety under Trog
  3108 | D:3      | Found a radiant altar of Vehumet.
  3109 | D:3      | 3109 ||| INVOKING Berserk.
  3114 | D:3      | Reached XP level 5. HP: 32/32 MP: 5/5
  3221 | D:3      | Found an ancient bone altar of Kikubaaqudgha.
  3222 | D:3      | 3222 ||| DRINKING 3 potions of curing.
  3222 | D:3      | 3222 ||| (to cure confusion)
  3224 | D:3      | 3224 ||| INVOKING Berserk.
  3335 | D:3      | Found a shimmering blue altar of Sif Muna.
  3337 | D:3      | 3337 ||| INVOKING Berserk.
  3343 | D:3      | 3343 ||| DRINKING 2 potions of curing.
  3343 | D:3      | 3343 ||| (to cure confusion)
  3353 | D:3      | 3353 ||| DRINKING potion of curing.
  3353 | D:3      | 3353 ||| (to cure confusion)
  3770 | D:3      | 3770 ||| READING 3 scrolls labelled TOAPTY CIEXT.
  3771 | D:3      | 3771 ||| READING scroll labelled SUQIYZXI AJIM.
  3823 | D:3      | 3823 ||| READING 2 scrolls of identify.
  3823 | D:3      | 3823 ||| IDENTIFYING lumpy dark potion
  3824 | D:3      | 3824 ||| DROPPING potion of attraction.
  3923 | D:4      | Found a staircase to the Ecumenical Temple.
  3925 | D:4      | 3925 ||| READING 2 scrolls of teleportation.
  3927 | D:4      | 3927 ||| FLEEEEING.
  3928 | D:4      | 3928 ||| FLEEEEING.
  3929 | D:4      | 3929 ||| FLEEEEING.
  4018 | D:4      | 4018 ||| Stepping ~*~*~tactically~*~*~ (hiding).
  4074 | D:4      | 4074 ||| Stepping ~*~*~tactically~*~*~ (stealth).
  4291 | D:4      | 4291 ||| READING scroll labelled EJOEGY DIROK.
  4292 | D:4      | 4292 ||| READING scroll of teleportation.
  4311 | D:4      | Reached XP level 6. HP: 36/37 MP: 6/6
  4667 | D:4      | 4667 ||| READING 2 scrolls of identify.
  4667 | D:4      | 4667 ||| IDENTIFYING bubbling clear potion
  4682 | D:5      | Entered Level 5 of the Dungeon
  4683 | D:5      | 4683 ||| PLANNING OSSUARY
  4737 | D:5      | 4737 ||| Stepping ~*~*~tactically~*~*~ (hiding).
  4740 | D:5      | 4740 ||| INVOKING Berserk.
  4892 | D:5      | Noticed an ice beast
  4896 | D:5      | 4896 ||| INVOKING Berserk.
  4900 | D:5      | Killed an ice beast
  5027 | D:5      | 5027 ||| INVOKING Berserk.
  5031 | D:5      | Reached XP level 7. HP: 41/41 MP: 7/7
  5218 | D:5      | 5218 ||| INVOKING Berserk.
  5292 | D:5      | 5292 ||| FLEEEEING.
  5293 | D:5      | 5293 ||| FLEEEEING.
  5294 | D:5      | 5294 ||| FLEEEEING.
  5295 | D:5      | 5295 ||| FLEEEEING.
  5296 | D:5      | 5296 ||| FLEEEEING.
  5297 | D:5      | 5297 ||| FLEEEEING.
  5298 | D:5      | 5298 ||| FLEEEEING.
  5299 | D:5      | 5299 ||| FLEEEEING.
  5303 | D:5      | 5303 ||| FLEEEEING.
  5304 | D:5      | 5304 ||| FLEEEEING.
  5305 | D:5      | 5305 ||| FLEEEEING.
  5306 | D:5      | 5306 ||| FLEEEEING.
  5307 | D:5      | 5307 ||| FLEEEEING.
  5308 | D:5      | 5308 ||| FLEEEEING.
  5309 | D:5      | 5309 ||| FLEEEEING.
  5310 | D:5      | 5310 ||| FLEEEEING.
  5311 | D:5      | 5311 ||| FLEEEEING.
  5316 | D:5      | 5316 ||| FLEEEEING.
  5321 | D:5      | 5321 ||| FLEEEEING.
  5322 | D:5      | 5322 ||| FLEEEEING.
  5323 | D:5      | 5323 ||| FLEEEEING.
  5324 | D:5      | 5324 ||| FLEEEEING.
  5329 | D:5      | 5329 ||| FLEEEEING.
  5330 | D:5      | 5330 ||| FLEEEEING.
  5331 | D:5      | 5331 ||| FLEEEEING.
  5332 | D:5      | 5332 ||| FLEEEEING.
  5340 | D:5      | 5340 ||| FLEEEEING.
  5341 | D:5      | 5341 ||| FLEEEEING.
  5342 | D:5      | 5342 ||| FLEEEEING.
  5343 | D:5      | 5343 ||| FLEEEEING.
  5344 | D:5      | 5344 ||| FLEEEEING.
  5345 | D:5      | 5345 ||| FLEEEEING.
  5346 | D:5      | 5346 ||| FLEEEEING.
  5347 | D:5      | 5347 ||| FLEEEEING.
  5348 | D:5      | 5348 ||| FLEEEEING.
  5349 | D:5      | 5349 ||| FLEEEEING.
  5350 | D:5      | 5350 ||| FLEEEEING.
  5355 | D:5      | 5355 ||| FLEEEEING.
  5356 | D:5      | 5356 ||| FLEEEEING.
  5357 | D:5      | 5357 ||| FLEEEEING.
  5358 | D:5      | 5358 ||| FLEEEEING.
  5359 | D:5      | 5359 ||| FLEEEEING.
  5367 | D:5      | 5367 ||| FLEEEEING.
  5371 | D:5      | 5371 ||| STAIRDANCE
  5447 | D:4      | 5447 ||| READING scroll labelled CERGHA BYERCH.
  5448 | D:4      | 5448 ||| READING 3 scrolls of identify.
  5448 | D:4      | 5448 ||| IDENTIFYING murky inky potion
  5449 | D:4      | 5449 ||| READING 2 scrolls of identify.
  5449 | D:4      | 5449 ||| IDENTIFYING glowing dark potion
  5450 | D:4      | 5450 ||| DROPPING potion of berserk rage.
  5451 | D:4      | 5451 ||| DROPPING potion of brilliance.
  5453 | D:5      | 5453 ||| RIP OSSUARY
  5454 | D:5      | 5454 ||| PLANNING D:1-11
  5462 | D:5      | 5462 ||| INVOKING Berserk.
  5466 | D:5      | 5466 ||| STAIRDANCE
  5602 | D:4      | 5602 ||| FLEEEEING.
  5629 | D:4      | 5629 ||| FLEEEEING.
  5630 | D:4      | 5630 ||| FLEEEEING.
  5631 | D:4      | 5631 ||| FLEEEEING.
  5632 | D:4      | 5632 ||| STAIRDANCE
  5680 | D:5      | Noticed Ijyb
  5681 | D:5      | 5681 ||| Stepping ~*~*~tactically~*~*~ (hiding).
  5683 | D:5      | 5683 ||| INVOKING Berserk.
  5686 | D:5      | Killed Ijyb
  5758 | D:5      | 5758 ||| Stepping ~*~*~tactically~*~*~ (stealth).
  5958 | D:5      | 5958 ||| Stepping ~*~*~tactically~*~*~ (stealth).
  5960 | D:5      | 5960 ||| Stepping ~*~*~tactically~*~*~ (hiding).
  5969 | D:5      | HP: 2/43 [gnoll/+0 halberd[a gnoll bouda] (10)]
  5970 | D:5      | 5970 ||| READING 4 scrolls of teleportation.
  5971 | D:5      | 5971 ||| INVOKING Berserk.
  5971 | D:5      | Slain by a gnoll

Levels and vault maps discovered:
D:1:      dpeg_arrival_arbitrary_a, layout_loops_corners, serial_glass,
          glass_columns_c, glass_columns_b, glass_columns_a
D:2:      layout_loops_corners, shapermc_ecumenical_altar_rom_forum,
          chequers_serial_rivers_small_b, uniq_terence
D:3:      layout_basic, palyth_temple_overflow_mages, guppyfry_early_lair_pool
D:4:      layout_basic, minmay_temple_entry_junction_2,
          kennysheep_generic_room_2
D:5:      layout_basic, good_gods_temple_1, minitemple, enter_ossuary_1,
          uniq_ijyb, uniq_menkaure

Skill      XL: |  1  2  3  4  5  6  7 |
---------------+----------------------+-----
Axes           | 3 4 5 |  5.3
Shields        | 1 2 4 5 |  5.3
Throwing       | 1 |  1.0
Fighting       | 4 |  4.0
Armour         | |  2.1
Dodging        | |  1.5

Action                   |  1- 3 |  4- 6 |  7- 9 || total
-------------------------+-------+-------+-------++-------
Melee: Hand axe          |    89 |   146 |    43 ||   278
Throw: Javelin           |    18 |    24 |     1 ||    43
Invok: Berserk           |     1 |     7 |     4 ||    12
  Use: Scroll            |     5 |     8 |     4 ||    17
       Potion            |     1 |     4 |       ||     5
Armor: Animal skin       |    16 |       |       ||    16
       Robe              |    18 |     1 |       ||    19
       Chain mail        |       |    75 |    19 ||    94
Dodge: Dodged            |    41 |    26 |     5 ||    72
Block: Kite shield       |    21 |    37 |    22 ||    80

Table legend:
 A = Non-vault XP
 B = Vault XP
 C = Vault XP percentage of total XP
 D = Non-vault monster count
 E = Vault monster count
 F = Vault count percentage of total count
                 A         B        C        D         E       F
            +---------+---------+-------+---------+---------+-------
      Total |     637 |     178 |  21.8 |      72 |       6 |   7.7
            +---------+---------+-------+---------+---------+-------
        D:1 |      26 |       0 |   0.0 |      15 |       0 |   0.0
        D:2 |      68 |      36 |  34.6 |      19 |       1 |   5.0
        D:3 |      34 |     104 |  75.4 |      11 |       3 |  21.4
        D:4 |      65 |       2 |   3.0 |      12 |       1 |   7.7
        D:5 |     444 |      36 |   7.5 |      15 |       1 |   6.2
            +---------+---------+-------+---------+---------+-------
